 Dungeon Crawl Stone Soup version 0.18.1-47-g9310371 (webtiles) character file.

9494 sarahorange the Protected (level 11, -4/97 HPs)
             Began as a Minotaur Fighter on June 18, 2016.
             Was an Elder of Nemelex Xobeh.
             Slain by a five-headed hydra (7 damage)
             ... on level 10 of the Dungeon.
             The game lasted 01:44:49 (13960 turns).

sarahorange the Protected (Minotaur Fighter)       Turns: 13960, Time: 01:44:57

Health: -4/97      AC: 16    Str: 29    XL:     11   Next: 23%
Magic:  11/11      EV: 10    Int:  5    God:    Nemelex Xobeh [****..]
Gold:   661        SH: 13    Dex: 11    Spells: 0 memorised, 10 levels left

rFire  . . .     SeeInvis .     F - +2 mace
rCold  . . .     Gourm    .     u - +2 chain mail
rNeg   . . .     Faith    .     c - +0 shield
rPois  .         Spirit   .     (helmet restricted)
rElec  .         Dismiss  +     (no cloak)
rCorr  .         Reflect  .     X - +0 pair of gloves
SustAt .         Harm     .     N - +0 pair of boots
MR     .....                    k - amulet of dismissal
Stlth  ..........               D - +6 ring of strength
                                p - +1 ring of slaying

@: especially stealthy, not resistant to hostile enchantments, extremely
unstealthy
A: retaliatory headbutt, horns 2
a: Triple Draw, Deal Four, Renounce Religion


You were on level 10 of the Dungeon.
You worshipped Nemelex Xobeh.
Nemelex Xobeh was greatly pleased with you.
You were not hungry.

You visited 3 branches of the dungeon, and saw 13 of its levels.

You collected 661 gold pieces.

Inventory:

Hand Weapons
 a - a +0 long sword
 l - a +2 hand axe of holy wrath
 n - a +1 flail of crushing
 r - a +4 spear
 E - a cursed -1 short sword
 F - a +2 mace (weapon)
Missiles
 i - 259 stones
 H - 13 tomahawks (quivered)
Armour
 c - a +0 shield (worn)
 u - a +2 chain mail (worn)
 N - a +0 pair of boots (worn)
 X - a +0 pair of gloves (worn)
Jewellery
 b - an uncursed ring of positive energy
 k - an amulet of dismissal (around neck)
 p - a +1 ring of slaying (left hand)
 D - a +6 ring of strength (right hand)
 J - an uncursed ring of resist corrosion
Wands
 e - a wand of flame (23/48)
 s - a wand of flame (47/48)
 M - a wand of paralysis (12/24)
Scrolls
 g - a scroll of identify
 j - 4 scrolls of amnesia
 o - 2 scrolls of magic mapping
 z - a scroll of immolation
 R - a scroll of summoning {unknown}
 T - 3 scrolls of fear
 U - a scroll of recharging
 W - a scroll of teleportation
Potions
 h - 3 potions of agility {unknown}
 t - a potion of magic
 v - a potion of cure mutation {unknown}
 w - a potion of cancellation {unknown}
 x - 4 potions of flight
 C - a potion of berserk rage
 L - a potion of lignification {unknown}
 O - a potion of brilliance {unknown}
Books
 B - a book of Death

   Spells                             Type                      Level
   a - Corpse Rot                     Necromancy                   2
   b - Sublimation of Blood           Necromancy                   2
   c - Agony                          Necromancy                   5
   d - Dispel Undead                  Necromancy                   5
   e - Excruciating Wounds            Charms/Necromancy            5
   f - Bolt of Draining               Conjuration/Necromancy       5
 P - a book of the Warp

   Spells                             Type                      Level
   a - Recall                         Summoning/Translocation      3
   b - Gell's Gravitas                Hexes/Translocation          3
   c - Force Lance                    Conjuration/Translocation    4
   d - Warp Weapon                    Charms/Translocation         5
   e - Summon Forest                  Summoning/Translocation      5
Miscellaneous
 d - a plain deck of destruction
 f - a plain deck of war
 q - an ornate deck of war {drawn: 2}
 y - a plain deck of destruction {drawn: 4}
 G - a plain deck of destruction
 I - an ornate deck of escape {Velocity}
 Q - a sack of spiders
 S - an ornate deck of escape
Comestibles
 A - 6 bread rations
 K - 10 fruits


   Skills:
 + Level 9.0 Fighting
 + Level 4.4 Long Blades
 + Level 8.2 Maces & Flails
 + Level 4.1 Throwing
 + Level 10.9 Armour
 + Level 6.2 Dodging
 + Level 1.4 Stealth
 + Level 10.5 Shields
 + Level 1.6 Evocations


You had 10 spell levels left.
You didn't know any spells.

Dungeon Overview and Level Annotations

Branches:
Dungeon (10/15)            Temple (1/1) D:7            Lair (2/8) D:10
    Orc: D:9-12

Altars:
Ashenzari
Cheibriados
Dithmenos
Elyvilon
Fedhas
Gozag
Kikubaaqudgha
Makhleb
Nemelex Xobeh
Okawaru
Pakellas
Qazlal
Sif Muna
Trog
Vehumet
Xom
Zin
The Shining One

Annotations:
D:9 exclusion: ice statue


Innate Abilities, Weirdness & Mutations

You reflexively headbutt those who attack you in melee.
You have a pair of horns on your head.


Message History

* * * LOW HITPOINT WARNING * * *
You hit the five-headed hydra. You headbutt the five-headed hydra.
The five-headed hydra is almost dead.
The five-headed hydra bites you.
* * * LOW HITPOINT WARNING * * *
The five-headed hydra bites you.
* * * LOW HITPOINT WARNING * * *
The five-headed hydra bites you!
* * * LOW HITPOINT WARNING * * *
The five-headed hydra bites you.
* * * LOW HITPOINT WARNING * * *
The five-headed hydra misses you.
The five-headed hydra bites you but does no damage.
The five-headed hydra bites you.
* * * LOW HITPOINT WARNING * * *
You block the five-headed hydra's attack.
The five-headed hydra bites you but does no damage.
The five-headed hydra bites you!
You die...
Your body glows with a rainbow of weird colours and disappears.

.................#
.................#
.......[)........#
####....)........#
#.............#
#≈≈.≈≈........#
+≈≈≈≈≈........+
#≈.<≈####.....###
#@D≈.##...P.....##
#≈≈≈≈#.......P..P#
#........P.PP.PPP#
#........PPD...PP#
#.....P.PPP..>.PP#
#....#PPPPPPP..PP#
#######PPPPPPPPP##
###########


You could see a five-headed hydra.

Vanquished Creatures
  The ghost of Rationalist the Nimble, a novice MiBe of Trog (D:8)
  A black mamba (Lair:2)
  2 spiny frogs
  2 komodo dragons
  Grinder (D:6)
  3 yaks (Lair:1)
  A steam dragon (D:9)
  3 hippogriffs
  A hungry ghost (D:7)
  A mottled dragon (D:9)
  5 water moccasins
  3 porcupines
  2 sky beasts
  A black bear (D:7)
  A necrophage (D:6)
  An ice beast (D:9)
  3 orc warriors (D:9)
  2 phantoms
  4 ogres
  The ghost of Aquadorian the Twirler, an amateur DsGl (D:3)
  2 centaurs
  4 crocodiles
  A big kobold (D:7)
  8 giant frogs
  3 killer bees (D:7)
  2 scorpions (D:5)
  3 wights (D:6)
  6 howler monkeys
  4 crimson imps
  A giant frog zombie (D:10)
  4 hounds
  4 orc priests
  2 gnoll shamans
  3 jellies
  6 iguanas
  3 centaur skeletons
  4 giant frog skeletons
  5 orc wizards
  7 worker ants
  7 sheep (Lair:2)
  A hound skeleton (D:8)
  Robin (D:4)
  A howler monkey skeleton (D:5)
  6 gnolls
  13 river rats (Lair:1)
  12 adders
  2 shadow imps
  An ufetubus (D:7)
  2 oozes
  3 worms
  3 adder skeletons
  A dart slug (D:1)
  6 giant geckos
  33 orcs
  2 ball pythons
  6 giant cockroaches
  17 goblins
  10 hobgoblins
  10 jackals
  3 quokkas
  5 bats
  2 giant gecko skeletons (D:5)
  A giant gecko zombie (D:7)
  8 giant newts
  7 kobolds
  2 quokka skeletons
  A quokka zombie (D:7)
  8 rats
285 creatures vanquished.

Vanquished Creatures (collateral kills)
  The ghost of matakusis the Covert, a novice DsEn of Dithmenos (Lair:1)
  A killer bee (D:7)
  An orc (D:3)
3 creatures vanquished.

Vanquished Creatures (others)
  3 plants (D:10)
3 creatures vanquished.

Grand Total: 291 creatures vanquished

Notes
Turn   | Place    | Note
--------------------------------------------------------------
     0 | D:1      | sarahorange the Minotaur Fighter began the quest for the Orb.
     0 | D:1      | Reached XP level 1. HP: 19/19 MP: 0/0
   274 | D:1      | Reached XP level 2. HP: 27/27 MP: 1/1
   657 | D:1      | Reached XP level 3. HP: 32/33 MP: 2/2
   739 | D:1      | Found a sparkling altar of Nemelex Xobeh.
   748 | D:1      | Became a worshipper of Nemelex Xobeh the Trickster
   879 | D:2      | Received a gift from Nemelex Xobeh
  1097 | D:2      | Reached skill level 1 in Dodging
  1355 | D:2      | Reached XP level 4. HP: 40/40 MP: 3/3
  1368 | D:2      | Found an oddly glowing altar of Pakellas.
  1368 | D:2      | Found a glowing silver altar of Zin.
  1958 | D:3      | Reached * piety under Nemelex Xobeh
  2017 | D:3      | Reached XP level 5. HP: 40/47 MP: 4/4
  2170 | D:3      | Reached skill level 1 in Throwing
  2182 | D:3      | Noticed Aquadorian's ghost (amateur DsGl)
  2186 | D:3      | Killed Aquadorian's ghost
  2186 | D:3      | Reached skill level 5 in Shields
  2707 | D:4      | Found a radiant altar of Vehumet.
  2736 | D:4      | Reached XP level 6. HP: 53/53 MP: 5/5
  2880 | D:4      | Received a gift from Nemelex Xobeh
  2934 | D:4      | Noticed Robin
  2949 | D:4      | Killed Robin
  2970 | D:4      | Reached skill level 5 in Armour
  3433 | D:5      | Entered Level 5 of the Dungeon
  3545 | D:5      | Reached skill level 5 in Fighting
  3545 | D:5      | Reached XP level 7. HP: 32/61 MP: 6/6
  3831 | D:5      | Reached ** piety under Nemelex Xobeh
  3836 | D:5      | Reached skill level 1 in Maces & Flails
  4947 | D:5      | Received a gift from Nemelex Xobeh
  5319 | D:5      | Reached XP level 8. HP: 55/68 MP: 7/7
  5485 | D:6      | Noticed Grinder
  5492 | D:6      | Killed Grinder
  5727 | D:6      | Reached skill level 1 in Stealth
  6399 | D:7      | Received a gift from Nemelex Xobeh
  6593 | D:7      | Found a staircase to the Ecumenical Temple.
  6604 | Temple   | Entered the Ecumenical Temple
  6604 | Temple   | Reached *** piety under Nemelex Xobeh
  6818 | D:7      | Received a gift from Nemelex Xobeh
  6922 | D:7      | Reached XP level 9. HP: 67/77 MP: 8/8
  7527 | D:7      | Reached skill level 5 in Maces & Flails
  7902 | D:7      | Reached skill level 1 in Evocations
  8427 | D:8      | Received a gift from Nemelex Xobeh
  8485 | D:8      | Found a blossoming altar of Fedhas.
  8526 | D:8      | Noticed Rationalist's ghost (novice MiBe)
  8552 | D:8      | Killed Rationalist's ghost
  8552 | D:8      | Reached skill level 5 in Dodging
  8816 | D:8      | Reached **** piety under Nemelex Xobeh
  8998 | D:8      | Received a gift from Nemelex Xobeh
  9416 | D:9      | Identified a scroll of acquirement
  9504 | D:9      | Noticed an ice statue
  9512 | D:9      | Reached XP level 10. HP: 76/88 MP: 9/9
 10117 | D:9      | Received a gift from Nemelex Xobeh
 10695 | D:9      | Found a blossoming altar of Fedhas.
 10695 | D:9      | Found a white marble altar of Elyvilon.
 10697 | D:9      | Found a shadowy altar of Dithmenos.
 11615 | D:10     | Entered Level 10 of the Dungeon
 11629 | D:10     | Found a staircase to the Lair.
 11666 | D:10     | Reached skill level 10 in Armour
 11688 | Lair:1   | Entered Level 1 of the Lair of Beasts
 11716 | Lair:1   | Received a gift from Nemelex Xobeh
 11720 | Lair:1   | Noticed matakusis's ghost (novice DsEn)
 11775 | Lair:1   | Killed matakusis's ghost
 11978 | Lair:1   | Reached skill level 10 in Shields
 12429 | Lair:1   | Noticed a spiny frog
 12435 | Lair:1   | Killed a spiny frog
 12522 | Lair:1   | Reached XP level 11. HP: 89/95 MP: 11/11
 12817 | Lair:1   | Reached ***** piety under Nemelex Xobeh
 12908 | Lair:1   | Received a gift from Nemelex Xobeh
 13597 | Lair:2   | Noticed a five-headed hydra
 13960 | D:10     | HP: 3/97 [five-headed hydra (5)]
 13960 | D:10     | Slain by a five-headed hydra

Skill      XL: |  1  2  3  4  5  6  7  8  9 10 11 |
---------------+----------------------------------+-----
Fighting       | 4 5 6 7 8 9 |  9.0
Shields        | 4 5 6 7 8 10 | 10.5
Armour         | 4 5 6 7 9 10 | 10.9
Dodging        | 1 2 3 4 5 6 |  6.2
Long Blades    | 3 4 |  4.4
Throwing       | 1 2 3 4 |  4.1
Maces & Flails | 2 4 5 7 8 |  8.2
Stealth        | 1 |  1.4
Evocations     | 1 |  1.6

Action                   |  1- 3 |  4- 6 |  7- 9 | 10-12 || total
-------------------------+-------+-------+-------+-------++-------
Melee: Long sword        |   100 |   114 |       |       ||   214
       Headbutt          |    11 |    36 |    78 |   114 ||   239
       Morningstar       |       |    40 |   271 |       ||   311
       Mace              |       |       |   100 |   391 ||   491
Throw: Stone             |    11 |    29 |    17 |       ||    57
       Tomahawk          |       |       |    13 |    32 ||    45
Invok: Triple Draw       |       |       |       |     3 ||     3
Evoke: Deck              |       |     3 |     7 |     7 ||    17
       Wand              |       |       |     2 |     2 ||     4
  Use: Scroll            |     4 |     7 |    10 |    10 ||    31
       Potion            |     1 |     4 |     4 |     2 ||    11
  Eat: Chunk             |     2 |     3 |    11 |     4 ||    20
       Bread ration      |       |     1 |       |       ||     1
       Pizza             |       |       |     1 |       ||     1
       Beef jerky        |       |       |     1 |     2 ||     3
       Royal jelly       |       |       |     1 |       ||     1
       Meat ration       |       |       |     3 |       ||     3
       Fruit             |       |       |       |     5 ||     5
Armor: Scale mail        |    43 |       |       |       ||    43
       Chain mail        |       |    70 |   185 |   142 ||   397
Dodge: Dodged            |    31 |    36 |   114 |   114 ||   295
Block: Shield            |    50 |    75 |   205 |   225 ||   555
